 Dungeon Crawl Stone Soup version 0.29.1-15-g9cfb28693d (webtiles) character file.

Game seed: 5146276064977443468

5280 protoss039 the Sneak (level 10, -1/60 HPs)
             Began as a Tengu Enchanter on Mar 25, 2023.
             Was a Priest of Dithmenos.
             Slain by a yak (10 damage)
             ... on level 9 of the Dungeon.
             The game lasted 00:19:57 (8924 turns).

protoss039 the Sneak (Tengu Enchanter)              Turns: 8924, Time: 00:19:57

Health: -1/60      AC:  4    Str: 10    XL:     10   Next: 63%
Magic:  14/18      EV: 19    Int: 15    God:    Dithmenos [***...]
Gold:   378        SH:  0    Dex: 18    Spells: 7/18 levels left

rFire   . . .      SeeInvis +   s - +2 dagger (elec)
rCold   . . .      Faith    .   (no shield)
rNeg    . . .      Spirit   .   F - +2 robe {Will+}
rPois   .          Reflect  .   (helmet restricted)
rElec   .          Harm     .   (no cloak)
rCorr   .          Rampage  .   (no gloves)
Will    +....                   (boots unavailable)
Stlth   +++++.....              h - amulet of regeneration
HPRegen 1.00/turn               p - ring of see invisible
MPRegen 0.16/turn               (no ring)

@: confusing by touch, flying quickly and evasively, wreathed by umbra, quick
A: beak, talons 3, nimble flight
a: Renounce Religion, Shadow Step


You were on level 9 of the Dungeon.
You worshipped Dithmenos.
Dithmenos was most pleased with you.
You visited 1 branch of the dungeon, and saw 9 of its levels.
You also visited: Ossuary.

You collected 592 gold pieces.
You spent 214 gold pieces at shops.

Inventory:

Hand Weapons
 a - a +3 spectral quarterstaff
 s - a +2 dagger of electrocution (weapon)
Missiles
 q - 6 datura-tipped darts (quivered)
 t - a throwing net
 C - 23 poisoned darts
 G - 5 curare-tipped darts
Armour
 n - +0 steam dragon scales
 F - a +2 robe of willpower (worn)
Magical Staves
 x - a staff of air
Jewellery
 h - an amulet of regeneration (around neck)
 p - a ring of see invisible (left hand)
Wands
 r - a wand of paralysis (6)
 B - a wand of mindburst (6)
 H - a wand of polymorph (1)
 J - a wand of flame (9)
 K - a wand of iceblast (2)
Scrolls
 f - 2 scrolls of brand weapon
 g - a scroll of identify
 j - 3 scrolls of blinking
 k - a scroll of poison {unknown}
 u - a scroll of magic mapping {unknown}
 v - 2 scrolls of summoning
 w - 4 scrolls of amnesia
 y - 4 scrolls of fear
 z - a scroll of fog {unknown}
 A - 5 scrolls of teleportation
 E - a scroll of vulnerability {unknown}
 I - a scroll of immolation {unknown}
Potions
 b - 2 potions of cancellation {unknown}
 c - 2 potions of invisibility
 d - 3 potions of heal wounds
 e - 4 potions of mutation
 i - 3 potions of might {unknown}
 l - a potion of ambrosia {unknown}
 m - 2 potions of haste
 o - 10 potions of curing
 D - 4 potions of brilliance


   Skills:
 + Level 6.0 Fighting
 + Level 3.7 Short Blades
 + Level 2.3 Throwing
 - Level 3.0 Armour
 * Level 6.9 Dodging
 * Level 7.2 Stealth
 + Level 4.9 Spellcasting
 - Level 3.0 Conjurations
 + Level 4.3 Hexes
 - Level 3.0 Ice Magic
 * Level 4.3 Invocations
 + Level 2.4 Evocations


You had 7 spell levels left.
You knew the following spells:

 Your Spells              Type           Power      Damage    Failure   Level
a - Ensorcelled Hibernat  Hex/Ice        28%        N/A       5%          2
b - Confusing Touch       Hex            16%        N/A       9%          3
c - Tukima's Dance        Hex            16%        N/A       9%          3
d - Dazzling Flash        Conj/Hex       28%        N/A       11%         3

Your spell library contained the following spells:

 Spells                   Type           Power      Damage    Failure   Level
 Gell's Gravitas          Tloc           3%         N/A       45%         3
 Teleport Other           Tloc           3%         N/A       45%         3
 Irradiate                Conj/Tmut      4%         3d13      94%         5
 Blade Hands              Tmut           1%         N/A       99%         5
 Dispersal                Tloc           1%         N/A       100%        6
 Dragon Form              Tmut           1%         N/A       100%        7


Dungeon Overview and Level Annotations

Branches:
Dungeon (9/15) Zot: 26170  Temple (0/1) D:6            Lair (0/5) D:8
Ossuary (visited)
    Orc: D:9-12

Altars:
Ashenzari
Cheibriados
Dithmenos
Makhleb
Nemelex Xobeh
Ru
Sif Muna
Trog
Uskayaw
Vehumet
Yredelemnul
Zin

Shops:
D:1 ?   D:6 (   D:9 [*

Annotations:
D:4 3 runed translucent doors, PaladinM's ghost, amateur DgWr


Innate Abilities, Weirdness & Mutations

You have a beak for a mouth.
You have claws for feet.
Your magical nature lets you fly swiftly and evasively.


Message History

Press: ? - help, Shift-Dir - straight line, f - yak
Aim: a yak (umbra, chance to affect: 48%)
The yak looks drowsy...
The yak bellows! x2
Unknown command.
Unknown command.
The helpless yak fails to defend itself.
You stick the yak like a pincushion!!!
You kill the yak!
Dithmenos accepts your kill.
Unknown command.
Unknown command.
Casting: Ensorcelled Hibernation (safe; 5% risk of failure)
Confirm with . or Enter, or press ? or * to list all spells.
Your hands begin to glow red.
You hit the two-headed ogre but do no damage.
You claw the two-headed ogre. You peck the two-headed ogre.
The two-headed ogre is lightly wounded.
The two-headed ogre misses you.
The two-headed ogre hits you with a +0 giant club!
Unknown command.
You hit the two-headed ogre but do no damage.
Your peck misses the two-headed ogre.
The two-headed ogre is lightly wounded.
The yak misses you. The two-headed ogre barely misses you.
The two-headed ogre hits you with a +0 giant club!
Unknown command.
You completely miss the two-headed ogre.
You claw the two-headed ogre.
The two-headed ogre is lightly wounded.
The yak closely misses you. The yak gores you!
Unknown command.
You hit the two-headed ogre but do no damage.
You claw the two-headed ogre.
The two-headed ogre is moderately wounded.
The two-headed ogre hits you with a +0 giant spiked club!!
* * * LOW HITPOINT WARNING * * *
The two-headed ogre barely misses you. The yak barely misses you.
The yak gores you!
You die...

.###..... .........#
........ .........#
#....... ......../##
...#..... ..........
..##..... .........# ##
####.. .........# #..
.>....OY.# #######.#
......Y@.#######....##.#
.........##.............
#########..P....P.P.....
#P♣P♣...P♣P.P.P.
#..♣♣..♣♣♣.♣P♣P.
#.♣♣#########♣♣♣. #.P
#.......##### #.P
#.).....#.... #.P
#.......#....


You could see a two-headed ogre and 2 yaks.

Vanquished Creatures
  An ugly thing (D:9)
  Joseph (D:7)
  2 vampires
  A wyvern (D:9)
  A yak (D:9)
  Menkaure (Ossuary)
  A steam dragon (D:9)
  2 water moccasins
  An orc warrior (D:7)
  2 ice beasts
  A sky beast (D:7)
  4 ogres
  5 centaurs
  3 phantoms
  3 kobold brigands
  A necrophage (D:7)
  3 scorpions
  3 gnoll sergeants
  5 killer bees (D:9)
  4 howler monkeys (D:7)
  4 centaur zombies (Ossuary)
  A jelly (D:7)
  5 orc priests
  5 hounds
  A gnoll bouda (D:9)
  3 iguanas
  6 orc wizards
  An ogre zombie (Ossuary)
  7 mummies
  17 gnolls
  8 adders
  2 shadow imps (D:7)
  3 white imps
  2 adder zombies (Ossuary)
  A worm (D:2)
  6 dart slugs
  25 orcs
  2 bats (D:2)
  2 endoplasms (D:2)
  3 giant cockroaches
  A gnoll zombie (Ossuary)
  12 hobgoblins
  2 jackals (D:2)
  3 quokkas
  7 ball pythons
  4 frilled lizards
  3 goblins
  2 goblin zombies (Ossuary)
  7 hobgoblin zombies (Ossuary)
  23 kobolds
  3 kobold zombies (Ossuary)
  5 quokka zombies (Ossuary)
  6 rats
  5 rat zombies (Ossuary)
232 creatures vanquished.

Vanquished Creatures (others)
  An orc (D:4)
  6 plants
7 creatures vanquished.

Grand Total: 239 creatures vanquished

Notes
Turn   | Place    | Note
-------+----------+-------------------------------------------
     0 | D:1      | protoss039 the Tengu Enchanter began the quest for the Orb.
     0 | D:1      | Reached XP level 1. HP: 10/10 MP: 4/4
   474 | D:1      | Found a faded altar of an unknown god.
   583 | D:1      | Reached XP level 2. HP: 16/16 MP: 6/6
   825 | D:1      | Found Jisteote's Magic Scroll Shop.
   831 | D:1      | Bought a scroll of identify for 22 gold pieces
   920 | D:1      | Learned a level 2 spell: Ensorcelled Hibernation
   982 | D:2      | Reached skill level 1 in Fighting
  1163 | D:2      | Reached XP level 3. HP: 20/20 MP: 7/7
  1497 | D:2      | Reached XP level 4. HP: 26/26 MP: 8/8
  1817 | D:2      | Learned a level 3 spell: Confusing Touch
  2088 | D:4      | Noticed an ogre
  2118 | D:4      | Gained mutation: Your magical nature lets you fly swiftly
                  | and evasively. [Tengu growth]
  2118 | D:4      | Reached XP level 5. HP: 31/31 MP: 6/9
  2510 | D:3      | Found a basalt altar of Yredelemnul.
  2613 | D:3      | Killed an ogre
  2614 | D:3      | Reached XP level 6. HP: 36/37 MP: 5/11
  2980 | D:4      | Learned a level 3 spell: Tukima's Dance
  3014 | D:4      | Found a broken altar of Ashenzari.
  3018 | D:4      | Saw a vision of the Swamp and the Snake Pit.
  3018 | D:4      | Noticed a tyrant leech
  3018 | D:4      | Noticed a swamp dragon
  3018 | D:4      | Noticed a black mamba
  3018 | D:4      | Noticed a swamp dragon
  3018 | D:4      | Noticed a bunyip
  3018 | D:4      | Noticed a shock serpent
  3018 | D:4      | Noticed an anaconda
  3019 | D:4      | Noticed a tyrant leech
  3019 | D:4      | Noticed an eleionoma
  3019 | D:4      | Noticed a naga mage
  3020 | D:4      | Noticed a bog body
  3020 | D:4      | Noticed an eleionoma
  3020 | D:4      | Noticed a swamp drake
  3020 | D:4      | Noticed a naga warrior
  3021 | D:4      | Noticed a bog body
  3212 | D:4      | Reached skill level 4 in Stealth
  3212 | D:4      | Reached skill level 1 in Ice Magic
  3220 | D:4      | Reached XP level 7. HP: 33/41 MP: 9/12
  3220 | D:4      | Found a burning altar of Makhleb.
  3253 | D:4      | Found a sparkling altar of Nemelex Xobeh.
  3367 | D:4      | Found a runed translucent gate.
  3367 | D:4      | Found a runed translucent gate.
  3367 | D:4      | Found a runed translucent gate.
  3486 | D:4      | Noticed PaladinM's ghost (amateur DgWr)
  3787 | D:4      | Learned a level 3 spell: Dazzling Flash
  3802 | D:5      | Entered Level 5 of the Dungeon
  3831 | D:5      | Reached skill level 1 in Conjurations
  3952 | D:5      | Reached XP level 8. HP: 42/48 MP: 9/13
  4081 | D:5      | Found a bloodstained altar of Trog.
  4095 | D:5      | Found a radiant altar of Vehumet.
  4173 | D:5      | Found a snail-covered altar of Cheibriados.
  5093 | D:5      | Found a hide-covered altar of Uskayaw.
  5094 | D:5      | Found a shadowy altar of Dithmenos.
  5185 | D:5      | Became a worshipper of Dithmenos the Shadowed
  5325 | D:6      | Found Sikoupp Jury's Antique Weapon Boutique.
  5389 | D:6      | Found a staircase to the Ecumenical Temple.
  5441 | D:6      | Noticed a vampire
  5842 | D:6      | Found a shimmering blue altar of Sif Muna.
  6118 | D:7      | Reached skill level 5 in Fighting
  6118 | D:7      | Reached skill level 5 in Stealth
  6123 | D:7      | Noticed Joseph
  6125 | D:7      | Reached skill level 1 in Invocations
  6206 | D:7      | Killed Joseph
  6207 | D:7      | Reached skill level 1 in Armour
  6207 | D:7      | Reached skill level 5 in Dodging
  6207 | D:7      | Reached XP level 9. HP: 44/54 MP: 10/16
  6272 | D:7      | Identified the +1 quarterstaff "Tepre" {flame, Drain rElec
                  | rF- Dex+8}
  6503 | D:7      | Reached * piety under Dithmenos
  6819 | D:8      | Reached skill level 6 in Stealth
  6890 | D:8      | Found a staircase to the Lair.
  6948 | D:8      | Identified the +8 chain mail of Resonance {Drain +Blink
                  | Int+2}
  7189 | D:8      | Found a glowing silver altar of Zin.
  7206 | D:8      | Reached skill level 1 in Throwing
  7206 | D:8      | Reached skill level 1 in Evocations
  7270 | D:8      | Found a sand-covered staircase.
  7381 | D:8      | Found a sacrificial altar of Ru.
  7530 | Ossuary  | Entered an ossuary
  7756 | Ossuary  | Reached ** piety under Dithmenos
  7857 | Ossuary  | Noticed Menkaure
  7871 | Ossuary  | Killed Menkaure
  7872 | Ossuary  | Reached XP level 10. HP: 27/60 MP: 11/17
  8045 | D:9      | Found Ompein's General Store.
  8046 | D:9      | Noticed a green ugly thing
  8122 | D:9      | Found Texa's Antique Armour Boutique.
  8287 | D:9      | Killed a green ugly thing
  8312 | D:9      | Bought a scroll of identify for 30 gold pieces
  8312 | D:9      | Bought a wand of iceblast (2) for 72 gold pieces
  8312 | D:9      | Bought a scroll of noise for 15 gold pieces
  8312 | D:9      | Bought a scroll of teleportation for 45 gold pieces
  8312 | D:9      | Bought a scroll of identify for 30 gold pieces
  8473 | D:9      | Reached skill level 7 in Stealth
  8633 | D:9      | Reached *** piety under Dithmenos
  8915 | D:9      | Noticed a two-headed ogre
  8924 | D:9      | Slain by a yak

Illustrated notes

Levels and vault maps discovered:
D:1:      lemuel_arrival_cross, layout_basic, shapermc_ecumenical_altar_ellora,
          serial_shops, shop
D:2:      layout_loops_corners
D:3:      wander_river, layout_basic, mainiacjoe_overflow_surrounded_room,
          kennysheep_cross_room, eino_tiny_chamber
D:4:      layout_gridville, grunt_ashenzari_visionary
          [grunt_ashenzari_visionary_swamp, grunt_ashenzari_visionary_snake],
          overflow_temple_1_default, mainiacjoe_overflow_small_starburst,
          gammafunk_ghost_icy, minmay_misc_feat_chi
D:5:      layout_layer_cave, grunt_temple_overflow_open,
          gammafunk_temple_overflow_pools, serial_bayou, serial_bayou_pond_c,
          serial_bayou_ford_a, serial_bayou_pond_a, serial_bayou_pond_c,
          minmay_door_square, fountainhead, minivault_24
D:6:      layout_loops_ring, mainiacjoe_overflow_alcove_1,
          minmay_temple_entry_arrows, minmay_shop_grid_forest,
          lightli_corner_chamber
D:7:      layout_rooms, uniq_joseph
D:8:      layout_loops_ring, lemuel_crystal_altar, nicolae_ru_path_of_blood,
          dpeg_oklobed_lair, gup_ossuary_entry_pyramid
D:9:      kennysheep_housing_project, layout_rooms,
          nicolae_hepliaklqana_hippocampus, serial_shops,
          nicolae_shop_hallway_stairs, nicolae_diamond_shop,
          nicolae_stop_n_shop_2, shop

Skill      XL: |  1  2  3  4  5  6  7  8  9 10 |
---------------+-------------------------------+-----
Fighting       | 1 2 3 4 5 6 |  6.0
Short Blades   | 2 3 |  3.7
Dodging        | 3 4 5 6 |  6.9
Stealth        | 4 5 6 7 |  7.2
Ice Magic      | 1 2 3 |  3.0
Spellcasting   | 3 4 |  4.9
Hexes          | 3 4 |  4.3
Conjurations   | 1 3 |  3.0
Invocations    | 2 3 4 |  4.3
Armour         | 1 2 3 |  3.0
Throwing       | 1 2 |  2.3
Evocations     | 1 2 |  2.4

Action                   |  1- 3 |  4- 6 |  7- 9 | 10-12 || total
-------------------------+-------+-------+-------+-------++-------
Melee: Dagger            |    63 |   126 |   225 |   129 ||   543
       Kick              |    21 |    41 |    84 |    36 ||   182
       Peck              |     5 |    22 |    66 |    25 ||   118
       Punch             |       |       |     3 |     3 ||     6
       Quarterstaff      |       |       |    62 |       ||    62
Throw: Throwing net      |       |       |     2 |     1 ||     3
       Dart              |       |       |       |     2 ||     2
 Cast: Ensorcelled Hiber |     1 |     7 |    22 |    37 ||    67
       Confusing Touch   |       |     1 |    14 |     4 ||    19
       Tukima's Dance    |       |       |     2 |       ||     2
  Use: Scroll            |       |     3 |     1 |     8 ||    12
       Potion            |       |     1 |     4 |     1 ||     6
 Stab: Sleeping          |     9 |     8 |    36 |    24 ||    77
       Invisible         |       |     6 |     4 |       ||    10
       Confused          |       |       |     9 |     3 ||    12
       Distracted        |       |       |     2 |       ||     2
       Held in net/web   |       |       |     2 |       ||     2
Armor: Robe              |     8 |       |     5 |     9 ||    22
       Leather armour    |     1 |    10 |    11 |       ||    22
Dodge: Dodged            |    30 |    65 |   196 |   155 ||   446
